[Event "45th FIDE Olympiad 2024"]
[Site "Budapest"]
[Date "2024.09.19"]
[Round "8.67"]
[White "De La Riva Aguado, Oscar"]
[Black "Subelj, Jan"]
[Result "1/2-1/2"]
[ECO "B90"]
[WhiteElo "2431"]
[BlackElo "2498"]
[Annotator "TA"]
[PlyCount "49"]
[EventDate "2024.09.05"]
[EventType "team-tourn"]
[EventCountry "HUN"]
[SourceTitle "playchess.com"]
[Source "ChessBase"]
[SourceQuality "1"]
[WhiteTeam "Andorra"]
[BlackTeam "Slovenia"]
[WhiteTeamCountry "AND"]
[BlackTeamCountry "SLO"]
[TimeControl "40/5400+30:1800+30"]

1. e4 c5 2. Nf3 d6 3. d4 cxd4 4. Nxd4 Nf6 5. Nc3 a6 6. Be3 e5 7. Nf3 Be7 8. h3 h6 9. g4 Nbd7 10. g5 {The position is equal.} hxg5 11. Nxg5 Nh5 (11... b5 $11 {might be stronger.}) 12. Rg1 Nf4 13. Nf3 g5 (13... Ne6 $11) 14. Nd5 Nxd5 15. Qxd5 g4 {[#]} 16. Bc4 $1 Rf8 {aiming for ...Nf6.} (16... Rh7 17. hxg4) 17. hxg4 {White is much more active. The black rooks are passive.} Nf6 18. Qd3 Nxg4 19. O-O-O f5 {[#]} (19... Bd7 $16 20. Qb3 b5) 20. exf5 (20. Qb3 $1 $18 {[%cal Og1g4] and the rest is easy. Rxg4! is the strong threat.} Qc7 21. Bd5) 20... Bxf5 $16 21. Qe2 Qd7 22. Bb3 ({White should try} 22. Nd2 $16) 22... Qb5 $1 $11 23. Bc4 Qd7 24. Bb3 {[%cal Oe3h6] Strongly threatening Bh6!} Qb5 $1 25. Bc4 {Weighted Error Value: White=0.28 (precise) /Black=0.20 (precise) .  Mistake:       	White=2     	Black=3      Inaccurate:     	White=4     	Black=2      OK:         	White=3     	Black=5      Best:        	White=1     	---        Strong:       	---       	Black=2} 1/2-1/2

[Event "45th FIDE Olympiad 2024"]
[Site "Budapest"]
[Date "2024.09.19"]
[Round "8.67"]
[White "Cheikhna, Mohamed Lemine"]
[Black "Jones, Rupert"]
[Result "1/2-1/2"]
[WhiteElo "1884"]
[BlackElo "1849"]
[PlyCount "142"]
[EventDate "2024.09.05"]
[EventType "team-tourn"]
[EventCountry "HUN"]
[WhiteTeam "Mauritania"]
[BlackTeam "Papua New Guinea"]
[WhiteTeamCountry "MAU"]
[BlackTeamCountry "PNG"]
[TimeControl "40/5400+30:1800+30"]

1. e4 e6 2. d4 d5 3. exd5 exd5 4. Bd3 Nc6 5. c3 Bd6 6. Qf3 Nf6 7. h3 Ne4 8. Bxe4 Qe7 9. Qe2 dxe4 10. Nd2 f5 11. Nc4 O-O 12. Nxd6 Qxd6 13. g3 Be6 14. Bf4 Qe7 15. Qh5 Qf7 16. Qxf7+ Rxf7 17. b3 Rd7 18. O-O-O a5 19. Ne2 b5 20. Kb2 Rad8 21. Bg5 Rc8 22. Be3 Rcd8 23. Bg5 Rb8 24. Be3 h6 25. h4 Ne7 26. Nf4 Bf7 27. Rdg1 Nd5 28. Nxd5 Rxd5 29. g4 fxg4 30. Rxg4 Bh5 31. Rg3 Kh7 32. Rhg1 Rd7 33. Bf4 Rf7 34. Be3 c6 35. Rc1 Be2 36. Rcg1 Bh5 37. Kc2 Rbb7 38. Rb1 Be2 39. Kd2 Bf3 40. Rgg1 Rfd7 41. c4 b4 42. Ra1 Rb8 43. Rgb1 Rf8 44. a3 Rf5 45. axb4 axb4 46. Ra6 Rb7 47. Rba1 Rh5 48. Rxc6 Rxh4 49. d5 Rg4 50. c5 Rd7 51. d6 Rg5 52. Bxg5 e3+ 53. Bxe3 Bxc6 54. Ra6 Bd5 55. Bf4 Rf7 56. Bg3 Bxb3 57. c6 Be6 58. Rb6 b3 59. Rb7 Rf5 60. d7 Rd5+ 61. Ke3 Bxd7 62. Rxd7 Rxd7 63. cxd7 b2 64. d8=Q b1=Q 65. Qd3+ Qxd3+ 66. Kxd3 g5 67. Ke4 Kg6 68. Ke5 h5 69. f3 h4 70. Bh2 g4 71. fxg4 Kg5 1/2-1/2

[Event "45th FIDE Olympiad 2024"]
[Site "Budapest"]
[Date "2024.09.19"]
[Round "8.68"]
[White "Sebenik, Matej"]
[Black "Ribera Veganzones, Josep Maria"]
[Result "1-0"]
[ECO "D50"]
[WhiteElo "2515"]
[BlackElo "2167"]
[Annotator "TA"]
[PlyCount "113"]
[EventDate "2024.09.05"]
[EventType "team-tourn"]
[EventCountry "HUN"]
[SourceTitle "playchess.com"]
[Source "ChessBase"]
[SourceQuality "1"]
[WhiteTeam "Slovenia"]
[BlackTeam "Andorra"]
[WhiteTeamCountry "SLO"]
[BlackTeamCountry "AND"]
[TimeControl "40/5400+30:1800+30"]

1. d4 d5 2. c4 e6 3. Nc3 Nf6 4. Bg5 dxc4 5. e3 a6 6. Bxc4 b5 7. Be2 c5 8. Bxf6 {White is slightly better.} gxf6 9. Bf3 Ra7 10. Nge2 Nd7 11. O-O Be7 12. dxc5 Bxc5 13. a4 b4 14. Ne4 Be7 15. Nd6+ Kf8 {Black is weak on the light squares} 16. Rc1 {White has more active pieces.} Rc7 17. Rxc7 Qxc7 18. Nxc8 Qxc8 19. Qd4 {Hoping for Rc1.} Ne5 20. Rc1 $36 {[%mdl 2048] Black is under strong pressure.} Nxf3+ 21. gxf3 Rg8+ 22. Kf1 Qb7 23. Qe4 Qxe4 24. fxe4 $16 {[%mdl 4096] Endgame. KRB-KRN} Rg5 25. Rc8+ Kg7 26. Rc7 Kf8 27. Rc6 a5 28. Rc8+ Kg7 29. Nd4 Rh5 30. Rc7 Kf8 (30... Bd6 $1 $14 31. Nxe6+ Kg6) 31. Rc8+ (31. Nc6 $16 Bd6 32. Ra7) 31... Kg7 $14 32. Kg2 Rg5+ 33. Kf3 Rh5 (33... Bd6 $14) 34. Rc7 Kf8 35. Ra7 Bd6 36. Nc6 (36. h4 $16) 36... Rh3+ $1 $11 37. Kg2 Rxh2+ 38. Kg1 Rh5 (38... Rh4 $11) 39. Ra8+ $16 (39. Rxa5 Rxa5 40. Nxa5 Ke7 $15) 39... Kg7 40. Rxa5 ({Reject} 40. Nxa5 $6 Rg5+ 41. Kh1 Rc5 $11) 40... Rxa5 {Loses the game.} (40... Rh4 $16) 41. Nxa5 {Threatens to win with Nc6. KB-KN} Kf8 42. Nc4 Bc5 43. Kg2 Ke7 44. Kg3 f5 (44... b3 $142) 45. exf5 $18 exf5 46. Kf4 Ke6 47. b3 f6 48. a5 h5 $2 (48... Ba7 49. Kg3 Kd7) 49. Kg3 Kd5 50. f3 {[#] Black must now prevent Kh4.} Ke6 51. Kh4 f4 52. e4 f5 53. e5 {White mates.} ({Not} 53. Kxh5 fxe4 54. fxe4 f3 $16) 53... Ba7 54. Kxh5 Bd4 55. Kg6 Ba7 56. Kg5 Be3 57. a6 {Weighted Error Value: White=0.11 (very precise) /Black=0.31.  Mistake:       	White=2     	Black=6      Inaccurate:     	White=1     	Black=3      OK:         	White=20    	Black=13     Best:        	White=4     	Black=6      Strong:       	---       	Black=1} 1-0

[Event "45th FIDE Olympiad 2024"]
[Site "Budapest"]
[Date "2024.09.19"]
[Round "8.69"]
[White "Duda, Jan-Krzysztof"]
[Black "Romanov, Evgeny"]
[Result "1-0"]
[ECO "C55"]
[WhiteElo "2732"]
[BlackElo "2567"]
[Annotator "TA"]
[PlyCount "83"]
[EventDate "2024.09.05"]
[EventType "team-tourn"]
[EventCountry "HUN"]
[SourceTitle "playchess.com"]
[Source "ChessBase"]
[SourceQuality "1"]
[WhiteTeam "Poland"]
[BlackTeam "North Macedonia"]
[WhiteTeamCountry "POL"]
[TimeControl "40/5400+30:1800+30"]

1. e4 e5 2. Nf3 Nc6 3. Bc4 Nf6 4. d3 Be7 5. Nc3 d6 6. a3 O-O {C55: Two Knights: 4 d3, 4 d4 exd4 5 e5 and Max Lange Attack.} 7. Be3 a6 8. h3 b5 9. Ba2 b4 $146 ({Predecessor:} 9... Be6 10. Bxe6 fxe6 11. O-O Qe8 12. Ne2 Nh5 13. Kh2 d5 14. c3 Rd8 15. Qb3 Bd6 {½-½ Bulmaga,I (2439)-Dardha,D (2598) EU-ch Rapid Zagreb 2023 (9)}) 10. axb4 Nxb4 11. Bb3 c5 12. O-O Rb8 13. Nb1 Nc6 14. Nbd2 Nd4 15. Bc4 a5 16. Nb3 Nxf3+ 17. Qxf3 Ra8 18. Bg5 Bb7 19. Ra2 a4 20. Nd2 Nd7 21. Bxe7 Qxe7 22. Bb5 Nb6 23. Rfa1 d5 24. Qe2 (24. Bxa4 dxe4 25. dxe4 (25. Nxe4 $2 Nxa4 26. Rxa4 Rxa4 $19) 25... Rxa4 26. Rxa4 Nxa4 27. Rxa4 Qd7 $14) 24... dxe4 25. Nxe4 f5 26. Nc3 Qg5 27. f3 (27. Nxa4 $2 Qxg2#) 27... Kh8 28. Bxa4 (28. Qxe5 $2 Bxf3 29. Qh2 Bb7 $19) ({Much worse is} 28. Nxa4 $6 Nd5 29. Nxc5 (29. Qxe5 $2 {loses.} Nf4 $19) 29... Nf4 $11) 28... c4 29. Qf2 (29. Qxe5 $2 {perishes.} Bxf3 30. Qh2 Bb7 $19) 29... Nxa4 30. Rxa4 Rxa4 31. Rxa4 $40 {[%cal Ba1a4,Ba4d4,Bd4d7][%mdl 160] Black needs to defend precisely.} cxd3 32. cxd3 h6 33. d4 (33. Rb4 $14 Bc6 34. Rc4) 33... exd4 (33... Rd8 $1 $11) 34. Rxd4 $16 Ra8 35. Kh2 Qf6 {Inhibits Rd6.} 36. Qe3 Qb6 37. Qe5 {Wards off Qc7} Ra5 $2 (37... Qxb2 $16 38. Rd6 Kh7 39. Qxf5+ Kh8) 38. Qb8+ $18 Kh7 {[#]} 39. Rd7 $1 Ra1 40. Ne2 {Black must now prevent Qf8.} Ra7 41. Qe5 Qg6 42. Nf4 1-0

[Event "45th FIDE Olympiad 2024"]
[Site "Budapest"]
[Date "2024.09.19"]
[Round "8.69"]
[White "Kamara, Ansumana"]
[Black "De Mey, Juan Pablo"]
[Result "0-1"]
[WhiteElo "1876"]
[BlackElo "1992"]
[PlyCount "134"]
[EventDate "2024.09.05"]
[EventType "team-tourn"]
[EventCountry "HUN"]
[WhiteTeam "Sierra Leone"]
[BlackTeam "Aruba"]
[WhiteTeamCountry "SIE"]
[BlackTeamCountry "ARN"]
[TimeControl "40/5400+30:1800+30"]

1. e4 c5 2. Nf3 a6 3. d4 cxd4 4. Nxd4 Nf6 5. Nc3 e5 6. Nf5 d5 7. Bg5 Bxf5 8. exf5 Bb4 9. a3 Bxc3+ 10. bxc3 Nbd7 11. Be2 Qc7 12. Qd3 Rc8 13. Bd2 O-O 14. O-O Nc5 15. Qh3 Nce4 16. Be3 Nxc3 17. Bf3 e4 18. Bg4 Qc4 19. Rfe1 d4 20. Bg5 Nxg4 21. Qxg4 f6 22. Bd2 Rfe8 23. h4 e3 24. fxe3 dxe3 25. Qh5 Qf7 26. Qxf7+ Kxf7 27. Bxe3 Nd5 28. Bf2 Rxc2 29. Rad1 Rxe1+ 30. Bxe1 Re2 31. Bf2 Re5 32. g4 Nc3 33. Rd7+ Re7 34. Rd8 Ne4 35. Be1 Re8 36. Rd7+ Re7 37. Rd8 b6 38. Bb4 Re8 39. Rd7+ Kg8 40. a4 a5 41. Be7 Nc5 42. Rc7 h6 43. Kg2 Nxa4 44. Kf3 Nc3 45. Rd7 Nd5 46. Bd8 Re3+ 47. Kf2 Re5 48. Rb7 a4 49. Bxb6 Nxb6 50. Rxb6 Ra5 51. Rb2 a3 52. Ra2 Kf7 53. Ke3 Ra4 54. Kd2 Ke7 55. Kc2 Kf7 56. Kb1 Rxg4 57. Rxa3 Rxh4 58. Ra7+ Kg8 59. Kc2 Rd4 60. Ra8+ Kh7 61. Ra5 h5 62. Kc3 Rd7 63. Kc4 Kh6 64. Ra8 Kg5 65. Rh8 Kxf5 66. Rxh5+ g5 67. Rh1 g4 {0-} 0-1

[Event "45th FIDE Olympiad 2024"]
[Site "Budapest"]
[Date "2024.09.19"]
[Round "8.70"]
[White "Lazov, Toni"]
[Black "Piorun, Kacper"]
[Result "1-0"]
[ECO "B12"]
[WhiteElo "2360"]
[BlackElo "2599"]
[Annotator "TA"]
[PlyCount "57"]
[EventDate "2024.09.05"]
[EventType "team-tourn"]
[EventCountry "HUN"]
[SourceTitle "playchess.com"]
[Source "ChessBase"]
[SourceQuality "1"]
[WhiteTeam "North Macedonia"]
[BlackTeam "Poland"]
[BlackTeamCountry "POL"]
[TimeControl "40/5400+30:1800+30"]

1. e4 c6 2. d4 d5 3. e5 c5 4. dxc5 e6 5. Nf3 Bxc5 6. Bd3 Ne7 7. Nbd2 Nec6 8. a3 {White is slightly better.} a5 9. O-O Nd7 10. Re1 Be7 11. a4 Qc7 12. Qe2 Nc5 13. Bb5 O-O 14. Nf1 f5 15. exf6 Bxf6 16. Be3 Ne4 ({Black should try} 16... Na7 $11) 17. c3 Nd6 18. Ng3 (18. Bf4 $14) 18... e5 19. Qd2 (19. Bc5 {keeps more tension.} Bg4 20. Qd3 Be6 21. Rad1) 19... Ne7 20. Bg5 $36 {[%mdl 2048] Black is under pressure.} Ndf5 $2 {[#] This move loses the game for Black.} (20... e4 $11 21. Nd4 Bxg5 22. Qxg5 h6) 21. Nxf5 $1 $18 Bxf5 {[#]} 22. Nxe5 $1 Bxg5 (22... Rad8 23. Bxf6) 23. Qxg5 {[%cal Oe5d7] Strongly threatening Nd7!} Be4 $2 (23... Rad8 24. Qg3 Rd6) 24. Nd7 {White is clearly winning.} Rf7 25. f3 Rd8 26. fxe4 Rxd7 27. Bxd7 Qxd7 28. exd5 h6 29. Qe5 {Weighted Error Value: White=0.10 (very precise) /Black=0.37.  Mistake:       	White=1     	Black=3      Inaccurate:     	White=1     	Black=3      OK:         	White=7     	Black=7      Best:        	White=2     	---        Strong:       	White=1     	---        Brilliant:      	White=1     	---} 1-0

[Event "45th FIDE Olympiad 2024"]
[Site "Budapest"]
[Date "2024.09.19"]
[Round "8.70"]
[White "Stetsenko, Ilya"]
[Black "Winston Gerald, Mansfield Thomas"]
[Result "1-0"]
[WhiteElo "1903"]
[BlackElo "1950"]
[PlyCount "77"]
[EventDate "2024.09.05"]
[EventType "team-tourn"]
[EventCountry "HUN"]
[WhiteTeam "Aruba"]
[BlackTeam "Sierra Leone"]
[WhiteTeamCountry "ARN"]
[BlackTeamCountry "SIE"]
[TimeControl "40/5400+30:1800+30"]

1. d4 Nf6 2. c4 d6 3. Nc3 c6 4. e4 Qa5 5. f3 e6 6. Be3 d5 7. cxd5 exd5 8. e5 Ng8 9. a3 Be6 10. b4 Qd8 11. Bd3 Nd7 12. f4 g6 13. Nf3 Nb6 14. Nd2 Nh6 15. Qe2 Nf5 16. O-O a6 17. Nb3 Rb8 18. Nc5 Qe7 19. Nxe6 Qxe6 20. Bf2 h5 21. g3 Be7 22. Kg2 h4 23. g4 h3+ 24. Kh1 Nh6 25. Rg1 Nc4 26. Qf3 Bf8 27. f5 gxf5 28. gxf5 Qe7 29. e6 fxe6 30. fxe6 Kd8 31. Nxd5 cxd5 32. Qxd5+ Nd6 33. Be3 Rg8 34. Rxg8 Nxg8 35. Bg5 Qxg5 36. Qxg5+ Ne7 37. Rf1 Rc8 38. Rxf8+ Ne8 39. Bg6 1-0

[Event "45th FIDE Olympiad 2024"]
[Site "Budapest"]
[Date "2024.09.19"]
[Round "8.71"]
[White "Bartel, Mateusz"]
[Black "Nikolovski, Nikola"]
[Result "1-0"]
[ECO "A44"]
[WhiteElo "2618"]
[BlackElo "2388"]
[Annotator "TA"]
[PlyCount "89"]
[EventDate "2024.09.05"]
[EventType "team-tourn"]
[EventCountry "HUN"]
[SourceTitle "playchess.com"]
[Source "ChessBase"]
[SourceQuality "1"]
[WhiteTeam "Poland"]
[BlackTeam "North Macedonia"]
[WhiteTeamCountry "POL"]
[TimeControl "40/5400+30:1800+30"]

1. d4 c5 2. d5 e5 3. c4 d6 4. Nc3 Be7 5. g3 f5 6. h4 {A44: Semi-Benoni.} Nf6 7. Nf3 $146 ({Predecessor:} 7. Bh3 O-O 8. Qc2 Kh8 9. Nf3 Na6 10. Ng5 e4 11. Be3 Nc7 12. O-O-O Kg8 13. f3 exf3 14. exf3 {½-½ Farrell,R (2176)-Tao,T (2413) Doeberl Cup 53rd 2015 (4)}) 7... h6 8. Bh3 O-O 9. Qc2 e4 10. Nd2 (10. Nh2 $11) 10... Nh5 11. Nf1 Bf6 12. Bd2 a6 13. Ne3 Bd4 14. a4 Kh8 15. Ng2 Nd7 16. e3 Ne5 17. exd4 (17. Kf1 $11) 17... cxd4 $17 18. Nd1 Nf3+ ({Black should try} 18... e3 $17 {Strongly threatening ...d3.} 19. Ndxe3 (19. fxe3 $2 d3 $19) 19... f4 20. Nxf4 Nxf4 21. gxf4 Rxf4 (21... Nf3+ $2 22. Ke2 $16)) 19. Kf1 $11 e3 (19... f4 $5 20. Nxf4 Nxf4 21. Bxf4 Bxh3+ 22. Rxh3 Qd7 $11) 20. Ndxe3 $1 Nxd2+ 21. Qxd2 dxe3 22. Qxe3 (22. Nxe3 $2 f4 23. gxf4 Rxf4 (23... Qxh4 $2 24. Bg2 $18) (23... Nxf4 $2 24. Be6 $19) 24. Bxc8 Rxc8 $17 (24... Ng3+ $2 25. Kg2 $19)) 22... f4 $1 23. gxf4 Qf6 24. Qd2 Bf5 25. Re1 Rac8 26. b3 b5 27. Bxf5 Qxf5 28. axb5 axb5 (28... Nxf4 $2 29. Nxf4 (29. bxa6 Nh3 $11) 29... axb5 30. Ne6 $18) 29. cxb5 (29. Qd4 {simplifies} Qg4 30. Qd1 Qxd1 31. Rxd1 bxc4 32. bxc4 Rxc4 33. f5) 29... Rc2 30. Qd4 Ra2 (30... Nxf4 31. Nxf4 Qxf4 32. Qxf4 Rxf4 33. Rh2 $14) 31. b6 Qg4 32. Qe3 (32. Rg1 $2 Ng3+ (32... Nxf4 $2 33. Nxf4 $18) 33. fxg3 Qf3+) 32... Nxf4 33. Nxf4 Rxf4 34. Rh2 Ra8 (34... Rf3 $1 $11 35. b7 Rxe3 36. b8=Q+ (36. b8=B $2 Rxe1+ 37. Kxe1 Qg1#) 36... Kh7 37. Rxe3 Ra1+ 38. Re1 Rxe1+ 39. Kxe1 Qe4+ 40. Kf1 Qd3+ 41. Kg1 Qd1+ 42. Kg2 Qg4+ 43. Kf1 Qd1+ 44. Kg2 Qg4+ 45. Kf1 Qd1+ 46. Kg2) 35. Rg2 Qxh4 36. b7 Raf8 ({Avoid the trap} 36... Rb8 $2 37. Rc1 (37. Qe8+ Rxe8 38. Rxe8+ Kh7 $11) 37... Qh1+ (37... Rxb7 $2 {too greedy.} 38. Rc8+ Kh7 39. Qe6 $18) 38. Rg1 $18) 37. Kg1 Rg4 {[#]} (37... R4f7 $11 {keeps the balance.}) 38. Ra1 $1 $16 Rxg2+ $2 (38... Rd4 $16 39. Rc1 Rxd5) 39. Kxg2 $18 Rb8 40. Ra8 Qg4+ 41. Kf1 Qd1+ 42. Qe1 Qd3+ 43. Qe2 Qb1+ 44. Kg2 Qg6+ 45. Kh2 1-0

[Event "45th FIDE Olympiad 2024"]
[Site "Budapest"]
[Date "2024.09.19"]
[Round "8.71"]
[White "Adeshole Beckley, Brian"]
[Black "Pesqueira, Jose"]
[Result "0-1"]
[WhiteElo "1814"]
[BlackElo "1880"]
[PlyCount "58"]
[EventDate "2024.09.05"]
[EventType "team-tourn"]
[EventCountry "HUN"]
[WhiteTeam "Sierra Leone"]
[BlackTeam "Aruba"]
[WhiteTeamCountry "SIE"]
[BlackTeamCountry "ARN"]
[TimeControl "40/5400+30:1800+30"]

1. d4 Nf6 2. c4 b6 3. Nf3 Bb7 4. Nc3 e6 5. Bg5 h6 6. Bh4 Bb4 7. a3 Bxc3+ 8. bxc3 g5 9. Bg3 d6 10. e3 Ne4 11. Qc2 Nd7 12. Bd3 f5 13. Qb3 Qf6 14. Bxe4 Bxe4 15. d5 exd5 16. h3 dxc4 17. Qxc4 Nc5 18. O-O-O O-O-O 19. Kb2 h5 20. h4 g4 21. Ng5 Bxg2 22. Rhg1 Bf3 23. Rd4 Bb7 24. Nf7 d5 25. Nxd8 dxc4 26. Rgd1 Nd3+ 27. R4xd3 cxd3 28. Nxb7 Kxb7 29. Rxd3 Rd8 {0-} 0-1

[Event "45th FIDE Olympiad 2024"]
[Site "Budapest"]
[Date "2024.09.19"]
[Round "8.72"]
[White "Risteski, Emil"]
[Black "Gumularz, Szymon"]
[Result "1/2-1/2"]
[ECO "B32"]
[WhiteElo "2367"]
[BlackElo "2571"]
[Annotator "TA"]
[PlyCount "96"]
[EventDate "2024.09.05"]
[EventType "team-tourn"]
[EventCountry "HUN"]
[SourceTitle "playchess.com"]
[Source "ChessBase"]
[SourceQuality "1"]
[WhiteTeam "North Macedonia"]
[BlackTeam "Poland"]
[BlackTeamCountry "POL"]
[TimeControl "40/5400+30:1800+30"]

1. e4 c5 2. Nf3 Nc6 3. d4 cxd4 4. Nxd4 e5 5. Nb5 d6 6. c4 Be6 7. Be2 a6 8. N5c3 g6 9. O-O Bg7 10. Nd5 Nd4 11. Nbc3 Nf6 12. Bg5 (12. Nxf6+ {simplifies} Bxf6 13. b3 O-O 14. Bd3) 12... h6 13. Be3 Nxd5 14. cxd5 Bd7 15. Qd2 Rc8 16. Bd3 h5 17. Ne2 O-O 18. Qb4 ({White should try} 18. Nxd4 $14 exd4 19. Bg5) 18... Bb5 $11 19. Bxb5 {[#] Bd3 would now be deadly.} (19. Nxd4 $2 Bxd3 20. Nb3 Bxf1 21. Rxf1 Qd7 $19) 19... Nc2 20. Qd2 axb5 21. Rac1 Nxe3 22. Qxe3 Qa5 23. a3 Kh7 24. Qb3 Bh6 25. Rxc8 Rxc8 26. Nc3 Rc5 27. Rd1 Kg8 28. g3 Bg5 29. h4 Bd8 30. Kg2 Qa6 31. Rd3 Kg7 32. Qd1 Rc7 33. Re3 $1 Rc4 34. g4 $1 Bb6 (34... Bxh4 $2 {perishes.} 35. gxh5 Qa8 36. Qg4 $18 (36. Nxb5 Qd8 $11)) 35. Rd3 b4 36. axb4 Rxb4 (36... Rd4 $1 $14 37. b5 Qa7) 37. gxh5 $16 Rxb2 38. Rf3 {Strongly threatening hxg6.} Qa7 (38... Qa3 $16 {was necessary.}) 39. hxg6 fxg6 40. Qg1 ({Better is} 40. Qe1 $18) 40... Qa3 $1 $36 {[%cal Ob6f2][%mdl 2048] And now ...Bxf2! would win. Black has the initiative. The position is equal.} 41. h5 {[#] Threatening mate with Kh3.} Bxf2 42. Rxf2 Qxc3 43. Rxb2 Qxb2+ {KQ-KQ} 44. Kh1 Kh8 45. Qxg6 Qc1+ 46. Kg2 Qd2+ 47. Kf3 Qd1+ 48. Kg2 Qe2+ {Weighted Error Value: White=0.11 (very precise) /Black=0.10 (very precise) .  Missed win:     	White=1     	---        Mistake:       	White=1     	Black=2      Inaccurate:     	---       	Black=3      OK:         	White=18    	Black=16     Best:        	White=2     	Black=2      Strong:       	White=2     	Black=1} 1/2-1/2

[Event "45th FIDE Olympiad 2024"]
[Site "Budapest"]
[Date "2024.09.19"]
[Round "8.72"]
[White "Antonio, Kyell-Jean"]
[Black "Abdul, Rahman Toronka"]
[Result "1-0"]
[WhiteElo "1763"]
[BlackElo "1557"]
[PlyCount "109"]
[EventDate "2024.09.05"]
[EventType "team-tourn"]
[EventCountry "HUN"]
[WhiteTeam "Aruba"]
[BlackTeam "Sierra Leone"]
[WhiteTeamCountry "ARN"]
[BlackTeamCountry "SIE"]
[TimeControl "40/5400+30:1800+30"]

1. e4 e5 2. Nf3 d6 3. Bc4 h6 4. O-O Nf6 5. d3 c6 6. Bb3 Qc7 7. Re1 Nbd7 8. Nbd2 Nc5 9. h3 Nxb3 10. Nxb3 Be6 11. Nbd2 Be7 12. c3 g5 13. Nh2 h5 14. Ndf1 Ng8 15. Ng3 h4 16. Ngf1 f5 17. exf5 Bxf5 18. Ne3 Be6 19. Neg4 Nh6 20. d4 O-O-O 21. dxe5 dxe5 22. Qe2 Nxg4 23. Nxg4 Bxg4 24. Qxg4+ Kb8 25. Re4 Rhg8 26. Be3 Bf6 27. Kf1 Qd7 28. Ke1 Qxg4 29. Rxg4 b5 30. Rd1 Rxd1+ 31. Kxd1 a6 32. Ke2 Kc7 33. Kf3 Kd6 34. Ke4 Ke6 35. g3 Rg7 36. gxh4 gxh4 37. Rxg7 Bxg7 38. Bg5 Bf6 39. Bxf6 Kxf6 40. f4 exf4 41. Kxf4 Kg6 42. Kg4 Kh6 43. Kxh4 Kg6 44. Kg4 Kh6 45. b3 a5 46. c4 bxc4 47. bxc4 c5 48. Kf5 Kh5 49. Ke5 Kh4 50. Kd5 Kxh3 51. Kxc5 Kg4 52. Kd5 Kg5 53. c5 Kf6 54. Kd6 Kf7 55. Kd7 1-0

[Event "45th FIDE Olympiad 2024"]
[Site "Budapest"]
[Date "2024.09.19"]
[Round "8.73"]
[White "Tin, Jingyao"]
[Black "Theodorou, Nikolas"]
[Result "1/2-1/2"]
[ECO "C01"]
[WhiteElo "2580"]
[BlackElo "2619"]
[Annotator "TA"]
[PlyCount "121"]
[EventDate "2024.09.05"]
[EventType "team-tourn"]
[EventCountry "HUN"]
[SourceTitle "playchess.com"]
[Source "ChessBase"]
[SourceQuality "1"]
[WhiteTeam "Singapore"]
[BlackTeam "Greece"]
[WhiteTeamCountry "SIN"]
[BlackTeamCountry "GRE"]
[TimeControl "40/5400+30:1800+30"]

1. d4 e6 2. c4 b6 3. e4 Bb4+ 4. Bd2 Bxd2+ 5. Qxd2 d5 6. Bd3 Nc6 7. Nf3 dxe4 8. Bxe4 {White is slightly better.} Bb7 9. Nc3 Nf6 10. Bc2 O-O 11. O-O-O Nb4 12. Bb1 c5 13. dxc5 Qc7 {Wards off Ne5} 14. Qd6 Qxc5 15. Qxc5 bxc5 16. Rd6 Rfd8 17. Rhd1 Rxd6 18. Rxd6 Bxf3 19. gxf3 Kf8 20. a3 Ke7 21. Nb5 {[#]} Rb8 $1 22. axb4 {[#]} Rxb5 $15 {[%mdl 4096] Endgame. KRB-KRN} 23. Ra6 Rxb4 24. Rxa7+ Nd7 25. Bd3 g5 26. Kc2 $1 f5 27. b3 (27. Kc3 $1 $11 {remains equal.}) 27... h5 $17 28. Kc3 Rb8 29. Bc2 Kd6 30. Bd1 Nf6 31. Rf7 (31. Bc2 $142) 31... Ke5 32. Rc7 g4 33. Rf7 (33. Rxc5+ $17 Kf4 34. Bc2 gxf3 35. Rb5) 33... Rd8 $19 34. Kc2 Rd4 35. Rc7 gxf3 36. Bxf3 (36. Rxc5+ $2 {too greedy.} Kf4 37. Rc7 Ne4 $19) 36... Rf4 $1 ({Don't play} 36... Kf4 $6 37. Bb7 $11) 37. Bb7 Rxf2+ 38. Kc3 Ne4+ $1 ({Much less strong is} 38... Rxh2 39. Rxc5+ Kf4 40. b4 $15) 39. Bxe4 Kxe4 40. Rxc5 Rxh2 {KR-KR} 41. Rc6 e5 42. Rf6 $2 (42. c5 $17) 42... Rh3+ 43. Kb2 $2 (43. Kc2 Rh2+ 44. Kc3) 43... f4 44. c5 $2 (44. b4 Rg3 45. c5) 44... Kd5 45. c6 Rg3 46. b4 {[#] b5 would now be deadly.} Rg8 $1 47. Kb3 {[#]} h4 $2 (47... Rb8 $1 $19 {Strongly threatening ...h4.} 48. Ka4 Rc8) 48. b5 $11 {The position is equal.} Kc5 (48... h3 $5 49. c7 $8 h2 $11) 49. c7 {White wants to mate with b6.} Kxb5 50. Re6 h3 51. Rxe5+ Kc6 52. Rh5 Kxc7 {aiming for ...Rg2.} 53. Kc4 Rg3 54. Kd4 Re3 55. Rh4 Ra3 56. Ke4 Kd6 57. Rh6+ Ke7 58. Kxf4 Kf7 59. Kg4 Kg7 60. Rxh3 Rxh3 61. Kxh3 {White happily takes the draw.   Weighted Error Value: White=0.23 (precise) /Black=0.18 (very precise) .  Loses game:     	White=1     	---        Missed win:     	---       	Black=1      Mistake:       	White=5     	---        Inaccurate:     	White=3     	Black=3      OK:         	White=21    	Black=18     Best:        	White=11    	Black=6      Strong:       	White=1     	Black=3      Brilliant:      	---       	Black=1} 1/2-1/2

[Event "45th FIDE Olympiad 2024"]
[Site "Budapest"]
[Date "2024.09.19"]
[Round "8.73"]
[White "Murphy, Jones"]
[Black "Righi, Ezio"]
[Result "0-1"]
[WhiteElo "2021"]
[BlackElo "1909"]
[PlyCount "78"]
[EventDate "2024.09.05"]
[EventType "team-tourn"]
[EventCountry "HUN"]
[WhiteTeam "Dominica"]
[BlackTeam "San Marino"]
[BlackTeamCountry "SMR"]
[TimeControl "40/5400+30:1800+30"]

1. e4 c5 2. c4 Nc6 3. Ne2 e5 4. Nbc3 d6 5. d3 Be7 6. g3 f5 7. Bg2 Nf6 8. f4 O-O 9. O-O fxe4 10. dxe4 Kh8 11. h3 Be6 12. Nd5 Nd4 13. f5 Bxd5 14. cxd5 b5 15. Be3 a5 16. Qd2 a4 17. g4 Qa5 18. Qd1 Rac8 19. g5 Nd7 20. Ng3 b4 21. Rf2 Qb5 22. Bf1 Qb7 23. Qxa4 Nb6 24. Qd1 Ra8 25. Qh5 Bd8 26. Qd1 Ra5 27. a4 bxa3 28. bxa3 Qa7 29. Qh5 Nd7 30. Bxd4 cxd4 31. Rfa2 d3+ 32. Kg2 Qe3 33. h4 Bb6 34. Qf3 d2 35. Be2 Rfa8 36. Qxe3 Bxe3 37. Nf1 Bd4 38. Rb1 Kg8 39. Rxd2 Rxa3 {0-} 0-1